 Dungeon Crawl Stone Soup version 0.26-a0-739-gf55cbd344a (webtiles) character file.

Game seed: 13440620465720587031

282678 tzalcoatl the Severer (level 19, -38/184 HPs)
             Began as a Palentonga Berserker on Nov 4, 2020.
             Was the Champion of Trog.
             Killed from afar by a Tzitzimitl (64 damage)
             ... with a bolt of cold
             ... summoned by a deep elf demonologist
             ... on level 2 of the Vaults on Nov 5, 2020.
             The game lasted 04:33:16 (41595 turns).

tzalcoatl the Severer (Palentonga Berserker)       Turns: 41595, Time: 04:33:16

Health: -38/184    AC: 45    Str: 23    XL:     19   Next: 74%
Magic:  0/9        EV: 12    Int:  8    God:    Trog [******]
Gold:   2829       SH: 20    Dex: 20    Spells: 18/18 levels left

rFire    . . .     SeeInvis +   b - +8 broad axe (antimagic)
rCold    . . .     Faith    .   O - +0 tower shield of Autumn {rElec Dex+5 Stlth+}
rNeg     . . .     Spirit   +   r - +11 chain mail of Goceasm {Regen+ MP+9}
rPois    .         Reflect  .   Z - +2 hat {MR+}
rElec    +         Harm     .   f - +2 cloak
rCorr    .         Rampage  .   C - +2 pair of gloves
MR       +++++                  n - +4 barding
Stlth    ..........             R - amulet of guardian spirit
HPRegen  1.80/turn              h - ring of protection from magic
MPRegen  0.11/turn              u - +4 ring of evasion

@: berserk cooldown, regenerating, slowed, drained, curled up, very slow
A: large, rugged brown scales 3, see invisible, deformed body, roll, armoured
tail, reflexive curl
}: 2/15 runes: decaying, serpentine
a: Rolling Charge, Berserk, Trog's Hand, Brothers in Arms, Renounce Religion


You were on level 2 of the Vaults.
You worshipped Trog.
Trog was exalted by your worship.
You visited 6 branches of the dungeon, and saw 33 of its levels.
You also visited: Bailey and Ice Cave.

You collected 5284 gold pieces.
You spent 2455 gold pieces at shops.

Inventory:

Hand Weapons
 a - a +9 hand axe of electrocution
 b - a +8 antimagic broad axe (weapon)
 c - the +6 hunting sling "Tofoivoa" {speed, +Inv rC+ Str+4}
   (You found it on level 4 of the Dungeon)

   Attacks with this weapon are significantly faster.
   It affects your strength (+4).
   It protects you from cold.
   It lets you turn invisible.
 d - a +4 war axe of flaming
Missiles
 z - 189 sling bullets (quivered)
Armour
 f - a +2 cloak (worn)
 n - a +4 barding (worn)
 r - the +11 chain mail of Goceasm (worn) {Regen+ MP+9}
   (You bought it in a shop on level 2 of the Orcish Mines)

   It affects your magic capacity (+9).
   It increases your rate of regeneration.
 A - a +3 plate armour of cold resistance
 C - a +2 pair of gloves (worn)
 I - the +1 chain mail of Pauc {rElec rF+ Str+4}
   (You bought it in a shop on level 6 of the Dungeon)

   It affects your strength (+4).
   It protects you from fire.
   It insulates you from electricity.
 O - the +0 tower shield of Autumn (worn) {rElec Dex+5 Stlth+}
   (You found it on level 13 of the Dungeon)

   It affects your dexterity (+5).
   It insulates you from electricity.
   It makes you more stealthy.
 Z - a +2 hat of magic resistance (worn)
Jewellery
 h - a ring of protection from magic (left hand)
 u - a +4 ring of evasion (right hand)
 w - an uncursed ring of fire
 E - an uncursed ring of poison resistance
 K - an uncursed ring of resist corrosion
 R - an amulet of guardian spirit (around neck)
 X - an uncursed ring of ice
Wands
 g - a wand of flame (8)
 m - a wand of digging (13)
 v - a wand of disintegration (21)
 G - a wand of iceblast (17)
 J - a wand of paralysis (43)
 P - a wand of enslavement (16)
 T - a wand of acid (8)
Scrolls
 j - 15 scrolls of teleportation
 l - 3 scrolls of holy word
 s - 4 scrolls of magic mapping
 t - 6 scrolls of immolation
 x - a scroll of fog
 y - 19 scrolls of remove curse
 B - 4 scrolls of fear
 L - 2 scrolls of silence
 N - 8 scrolls of summoning
Potions
 e - 8 potions of cancellation
 i - 4 potions of might
 k - 5 potions of invisibility
 p - 6 potions of flight
 D - 8 potions of mutation
 F - 13 potions of curing
 Q - 13 potions of ambrosia
 S - 9 potions of heal wounds
 W - 7 potions of haste
 Y - 4 potions of resistance
Miscellaneous
 o - a lightning rod (4/4)
 H - a box of beasts (2/3)
 M - a phantom mirror
 U - a tin of tremorstones (3/3)
 V - a condenser vane (2/2)


   Skills:
 - Level 16.0(15.0) Fighting
 * Level 18.5(17.4) Axes
 + Level 8.6(7.8) Armour
 - Level 8.0(7.2) Dodging
 - Level 15.0(14.0) Shields
 + Level 13.8(12.9) Evocations


You had 18 spell levels left.
You didn't know any spells.
Your spell library was empty.

Dungeon Overview and Level Annotations

Branches:
Dungeon (15/15)            Temple (0/1) D:6            Lair (6/6) D:8
  Swamp (4/4) Lair:2        Snake (4/4) Lair:4        Slime (0/5) Lair:6
    Orc (2/2) D:9             Elf (0/3) Orc:2        Vaults (2/5) D:13
 Depths (0/5) D:15         Bailey (visited)           IceCv (visited)
  Crypt: Vaults:2-3

Altars:
Dithmenos
Fedhas
Gozag
Makhleb
Okawaru
Sif Muna
Trog
Yredelemnul
Zin
Beogh

Shops:
D:6 *   D:8 *   D:9 ([   Orc:2 *([   Snake:1 (   Snake:4 !?}   Vaults:1 }

Portals:
Trove: D:11 (give +5 demon trident)

Annotations:
D:11 secret trove demon trident +5


Innate Abilities, Weirdness & Mutations

You are completely covered in rugged brown scales. (AC +3, +7% HP)
You have supernaturally acute eyesight. (SInv)
Armour fits poorly on your strangely shaped body.
You can roll at foes to attack.
You have a long armoured tail.
You curl defensively after being hit.


Message History

You block the redback's attack. You block the hornet's attack.
The deep elf mage casts a spell at you.
The bolt of negative energy hits your cyclops!!
Your cyclops is drained!
The bolt of negative energy hits the demonic crawler.
The demonic crawler completely resists.
The bolt of negative energy hits you!!!
You feel drained.
* * * LOW HITPOINT WARNING * * *
The demonic crawler misses you.
The demonic crawler hits you but does no damage.
The demonic crawler closely misses you. The demonic crawler hits you.
* * * LOW HITPOINT WARNING * * *
The demonic crawler closely misses you. The demonic crawler hits you!
* * * LOW HITPOINT WARNING * * *
You block the redback's attack.
Press: ? - help, Dir - move target cursor
As you read the scroll of blinking, it crumbles to dust.
The Tzitzimitl gestures at you. The bolt of cold hits you!!!
You die...

#......# ##.'.... #......#
##..#.... #......#......#
##..##.... #......#......#
##..###....
+......#......###..## #....
#......#......##..## #....
#......#......#########....
#......#...........[)......
#......#..@########.....)..
######'#...# #........
#........1.# #........
#..........# #........
#.....e....# #........
#......Cs1s# #........
#######......y^.s#
+........
..............e§####
####.....
..............###..#
##..#.....


You could see a Tzitzimitl (summoned), an Executioner (summoned, fast), 2
demonic crawlers, a deep elf demonologist, a deep elf mage, a hornet, a redback
(summoned) and a friendly cyclops (summoned, berserk, drained).

Vanquished Creatures
  Saint Roka (Orc:2)
  Bai Suzhen (Swamp:4)
  Vashnia (Snake:4)
  Jorgrun (D:14)
  A tentacled monstrosity (Swamp:4)
  The ghost of Rennog the Warrior, an adept MiFi of Trog (Swamp:4)
  Frances (D:13)
  Gastronok (Lair:2)
  Agnes (Snake:1)
  A thorn hunter (Swamp:1)
  4 nagarajas (Snake:4)
  A fire giant (D:15)
  4 vault wardens
  An orc warlord (Orc:1)
  Aizul (Snake:1)
  The ghost of synesthesia the Warrior, a journeyman MiFi of Okawaru (Orc:2)
  A deep elf sorcerer (Vaults:1)
  A stone giant (Vaults:2)
  3 ironheart preservers (Vaults:1)
  A very ugly thing (Swamp:4)
  A deep elf demonologist (Vaults:1)
  A deep elf annihilator (Vaults:1)
  The ghost of Bolunijamo the Blocker, a journeyman GnFi of Okawaru (Lair:5)
  7 bunyips
  An eleionoma (Swamp:3)
  2 green deaths (Swamp:4)
  An ettin (Orc:2)
  A deep elf death mage (Vaults:1)
  2 fire dragons
  3 ogre magi
  21 hydras
  Erolcha (D:12)
  4 vault guards (D:13)
  A ghost crab (Swamp:4)
  13 naga warriors
  A boulder beetle (Vaults:2)
  10 anacondas
  A death knight (D:11)
  10 alligators
  5 death yaks (Lair:5)
  3 centaur warriors
  A tengu warrior (D:14)
  16 two-headed ogres
  3 goliath frogs
  Urug (D:13)
  A thrashing horror (Swamp:4)
  3 deep elf knights
  9 shock serpents
  17 naga sharpshooters
  9 skeletal warriors
  2 salamander mystics
  An unseen horror (shapeshifter) (Vaults:2)
  5 unseen horrors
  2 spriggan druids
  4 lindwurms (Snake:4)
  A glowing orange brain (Vaults:1)
  2 wizards
  5 naga ritualists
  7 swamp dragons
  4 bog bodies (Swamp:4)
  11 orc knights
  An orb spider (shapeshifter) (D:15)
  2 ironbrand convokers
  7 harpies (Vaults:1)
  14 mana vipers
  10 orc sorcerers
  2 cyclopes
  3 will-o-the-wisps
  20 ugly things
  2 manticores
  3 deep elf magi (Vaults:1)
  10 elephants
  An ice statue (IceCv)
  6 vault sentinels
  2 centaur zombies
  43 black mambas
  8 salamanders
  8 guardian serpents
  16 naga magi
  2 gargoyles
  Psyche (D:9)
  The ghost of aca the Cleaver, a novice FoFi of Kikubaaqudgha (D:5)
  3 orange demons (Swamp:4)
  3 freezing wraiths
  An efreet (D:15)
  5 cane toads
  A demonic crawler (Lair:4)
  6 rime drakes
  14 komodo dragons
  A yaktaur (shapeshifter) (Vaults:1)
  A guardian mummy (D:11)
  4 kobold demonologists
  6 yaktaurs (Vaults:1)
  14 trolls
  A queen bee (D:10)
  2 tyrant leeches (Swamp:4)
  10 polar bears (Lair:6)
  9 hornets
  A raiju (Lair:6)
  32 blink frogs
  Prince Ribbit (Lair:2)
  24 slime creatures
  7 dream sheep (Lair:4)
  A blink frog (shapeshifter) (Vaults:2)
  3 shadows
  7 spriggans
  A tarantella (shapeshifter) (D:14)
  2 wyverns
  Sigmund (D:3)
  2 wraiths
  29 yaks
  A golden eye (Lair:6)
  8 humans (D:13)
  4 basilisks
  3 vampire mosquitoes (Snake:2)
  A steam dragon (Lair:6)
  18 swamp worms
  15 wargs
  2 large abominations (Swamp:4)
  2 soldier ants (D:15)
  54 nagas
  20 water moccasins
  2 acid dragons
  14 hell hounds (Lair:6)
  6 swamp drakes
  51 orc warriors
  2 eyes of draining (D:15)
  3 sky beasts
  14 black bears
  A necrophage (D:8)
  An eye of draining (shapeshifter) (Vaults:1)
  3 phantoms
  10 ice beasts
  18 ogres
  3 boggarts (Vaults:1)
  14 centaurs
  24 wolves
  5 big kobolds
  20 bullfrogs
  A wyvern skeleton (D:11)
  4 scorpions
  32 killer bees
  5 wights (D:14)
  5 howler monkeys
  An electric eel (Lair:6)
  4 bullfrog zombies
  2 jellies
  5 centaur skeletons
  A gnoll shaman (D:5)
  23 orc priests
  2 bullfrog skeletons
  4 hounds
  24 orc wizards
  7 iguanas
  7 worker ants
  A killer bee zombie (D:9)
  A hound zombie (D:5)
  A hound skeleton (D:7)
  A worker ant zombie (D:9)
  Robin (D:3)
  A howler monkey skeleton (D:5)
  13 gnolls
  7 adders
  A shadow imp (D:10)
  2 white imps
  2 ufetubi
  2 oozes
  4 adder zombies
  An adder skeleton (D:4)
  3 worms
  7 leopard geckos
  116 orcs
  5 ball pythons
  9 giant cockroaches
  11 hobgoblins
  4 quokkas
  A ball python skeleton (D:4)
  10 bats
  3 frilled lizards
  14 goblins
  31 kobolds
  A leopard gecko zombie (D:5)
  A quokka skeleton (D:4)
  2 quokka zombies
  7 rats
1285 creatures vanquished.

Vanquished Creatures (collateral kills)
  Mara (Snake:4)
  A tengu reaver (D:13)
  2 nagarajas (Snake:4)
  Roxanne (D:14)
  A frost giant (D:13)
  The ghost of Dirphi Vium the Fighter, a journeyman MiBe of Trog (D:13)
  A dire elephant (Lair:5)
  3 naga warriors
  2 hydras
  A centaur warrior (D:13)
  An ogre mage (Vaults:2)
  A death yak (Lair:5)
  4 naga sharpshooters
  2 shock serpents (Snake:4)
  2 hell knights (Vaults:2)
  A skeletal warrior (D:13)
  2 salamander mystics (Snake:4)
  3 naga ritualists
  A wizard (Vaults:2)
  An ironbrand convoker (Vaults:2)
  An orc knight (Vaults:2)
  An ugly thing (IceCv)
  A salamander (Snake:2)
  2 mana vipers
  An ice statue (IceCv)
  3 guardian serpents (Snake:4)
  2 naga magi (Snake:3)
  5 black mambas
  A rime drake (Lair:5)
  An efreet (D:13)
  A tengu conjurer (D:14)
  3 nagas (Snake:4)
  A swamp worm (Snake:2)
  An acid dragon (Vaults:2)
  An ice beast (IceCv)
  2 orc warriors (Orc:2)
  A big kobold (D:14)
  A bullfrog (D:13)
  An orc priest (Orc:2)
  An orc (Bailey)
  2 kobolds (D:14)
65 creatures vanquished.

Vanquished Creatures (others)
  A naga warrior (Snake:4)
  2 bloated husks
  A naga (Snake:3)
  An orc warrior (Orc:2)
  An iguana (Lair:6)
  4 foxfires
  16 fungi
  85 plants
111 creatures vanquished.

Grand Total: 1461 creatures vanquished

Notes
Turn   | Place    | Note
-------+----------+-------------------------------------------
     0 | D:1      | tzalcoatl the Palentonga Berserker began the quest for the
                  | Orb.
     0 | D:1      | Reached XP level 1. HP: 20/20 MP: 1/1
   539 | D:1      | Reached XP level 2. HP: 27/27 MP: 2/2
  1013 | D:1      | Reached XP level 3. HP: 31/33 MP: 3/3
  1572 | D:2      | Reached ** piety under Trog
  1731 | D:2      | Found a glowing silver altar of Zin.
  1831 | D:2      | Reached XP level 4. HP: 40/40 MP: 4/4
  2010 | D:3      | Reached skill level 4 in Axes
  2048 | D:3      | Reached XP level 5. HP: 49/49 MP: 5/5
  2629 | D:3      | Reached *** piety under Trog
  2631 | D:3      | Noticed Robin
  2634 | D:3      | Killed Robin
  2750 | D:3      | Noticed Sigmund
  2765 | D:3      | Killed Sigmund
  2765 | D:3      | Reached XP level 6. HP: 55/55 MP: 6/6
  2888 | D:3      | Reached skill level 5 in Axes
  3337 | D:4      | Found a burning altar of Makhleb.
  3337 | D:4      | Found a shimmering blue altar of Sif Muna.
  3338 | D:4      | Found a basalt altar of Yredelemnul.
  3400 | D:4      | Got a warped tower shield
  3406 | D:4      | Identified the +6 tower shield "Icumm" {Rampage Str-5
                  | Dex+3} (You found it on level 4 of the Dungeon)
  3613 | D:4      | Gained mutation: You curl defensively after being hit.
                  | [Palentonga growth]
  3613 | D:4      | Reached XP level 7. HP: 64/64 MP: 7/7
  3673 | D:4      | Got an ancient hunting sling
  3989 | D:5      | Entered Level 5 of the Dungeon
  4087 | D:5      | Found an opulent altar of Gozag.
  4244 | D:5      | Reached skill level 1 in Shields
  4345 | D:5      | Found a transporter.
  4360 | D:5      | Found a transporter.
  4360 | D:5      | Noticed aca's ghost (novice FoFi)
  4717 | D:5      | Reached **** piety under Trog
  4717 | D:5      | Reached skill level 6 in Axes
  5017 | D:5      | Reached skill level 5 in Fighting
  5017 | D:5      | Reached XP level 8. HP: 72/72 MP: 8/8
  5032 | D:5      | Killed aca's ghost
  5125 | D:6      | Found Zicil's Assorted Antiques.
  5133 | D:6      | Bought a twisted golden amulet for 115 gold pieces
  5138 | D:6      | Bought a faintly humming chain mail for 218 gold pieces
  5148 | D:6      | Identified the +1 chain mail of Pauc {rElec rF+ Str+4} (You
                  | bought it in a shop on level 6 of the Dungeon)
  5157 | D:6      | Identified the +6 hunting sling "Tofoivoa" {speed, +Inv rC+
                  | Str+4} (You found it on level 4 of the Dungeon)
  5590 | D:6      | Found a staircase to the Ecumenical Temple.
  6353 | D:7      | Reached skill level 7 in Axes
  6622 | D:7      | Got an encrusted trident
  6708 | D:7      | Found a blossoming altar of Fedhas.
  6943 | D:7      | Reached XP level 9. HP: 68/80 MP: 9/9
  7181 | D:8      | Noticed a two-headed ogre
  7471 | D:8      | Killed a two-headed ogre
  7471 | D:8      | Reached skill level 8 in Axes
  7535 | D:8      | Identified the +2 trident "Kuovyqe Ezam" {speed, Str+2}
                  | (You found it on level 7 of the Dungeon)
  7592 | D:8      | Found a staircase to the Lair.
  7646 | D:8      | Reached skill level 5 in Shields
  7649 | D:8      | Found a bloodstained altar of Trog.
  7657 | D:8      | Reached ***** piety under Trog
  7792 | D:8      | Noticed a komodo dragon
  7807 | D:8      | Killed a komodo dragon
  7811 | D:8      | Reached skill level 5 in Armour
  8053 | D:8      | Found Fukuivik's Assorted Antiques.
  8373 | D:9      | Noticed Psyche
  8377 | D:9      | Paralysed by Psyche for 6 turns
  8387 | D:9      | Killed Psyche
  8387 | D:9      | Reached skill level 9 in Axes
  8387 | D:9      | Reached XP level 10. HP: 89/89 MP: 10/10
  8833 | D:9      | Got a faintly glowing dagger
  8834 | D:9      | Identified the +5 dagger of Objectivity {flame, rC+ Int+3}
                  | (You found it on level 9 of the Dungeon)
  8910 | D:9      | Found Pytuti's Armour Emporium.
  8912 | D:9      | Found a staircase to the Orcish Mines.
  8992 | D:9      | Found Waomyodim's Weapon Emporium.
  9079 | D:9      | Reached skill level 10 in Axes
  9380 | D:10     | Entered Level 10 of the Dungeon
  9733 | D:10     | You fall into a shaft and drop 1 floor!
  9733 | D:11     | Noticed a five-headed hydra
  9753 | D:11     | Noticed an orange demon
  9944 | D:11     | Received a gift from Trog
  9973 | D:11     | Killed a five-headed hydra
  9973 | D:11     | Reached XP level 11. HP: 75/100 MP: 11/11
 10093 | D:11     | Reached skill level 1 in Evocations
 10330 | D:11     | Noticed a brown ugly thing
 10343 | D:11     | Killed a brown ugly thing
 10381 | D:10     | Noticed a two-headed ogre
 10387 | D:10     | Killed a two-headed ogre
 10387 | D:10     | Reached skill level 11 in Axes
 10506 | D:10     | Noticed a two-headed ogre
 10513 | D:10     | Killed a two-headed ogre
 11173 | Lair:1   | Entered Level 1 of the Lair of Beasts
 12326 | Lair:2   | Noticed Prince Ribbit
 12430 | Lair:2   | Noticed a six-headed hydra
 12435 | Lair:2   | Reached XP level 12. HP: 111/111 MP: 12/12
 12435 | Lair:2   | Received a gift from Trog
 12469 | Lair:1   | Killed a six-headed hydra
 12469 | Lair:1   | Reached skill level 12 in Axes
 12587 | Lair:2   | Killed Prince Ribbit
 12669 | Lair:2   | Found a staircase to the Swamp.
 12897 | Lair:2   | Noticed Gastronok
 12912 | Lair:2   | Killed Gastronok
 13431 | Lair:2   | Reached skill level 10 in Shields
 14073 | Lair:3   | Reached skill level 5 in Evocations
 14188 | Lair:3   | Noticed an eight-headed hydra
 14200 | Lair:3   | Killed an eight-headed hydra
 14200 | Lair:3   | Reached skill level 13 in Axes
 14736 | Lair:4   | Reached XP level 13. HP: 115/120 MP: 13/13
 14989 | Lair:4   | Reached skill level 10 in Fighting
 15199 | Lair:4   | Found a staircase to the Snake Pit.
 15357 | Lair:4   | Got a brightly glowing iron ring
 15359 | Lair:4   | Identified the cursed ring "Bumidil" {Str-4 Dex+3} (You
                  | found it on level 4 of the Lair of Beasts)
 15929 | Lair:5   | Received a gift from Trog
 15931 | Lair:5   | Found a transporter.
 15967 | Lair:5   | Noticed a dire elephant
 15968 | Lair:5   | Found a transporter.
 15968 | Lair:5   | Noticed Bolunijamo's ghost (journeyman GnFi)
 17009 | Lair:5   | Reached skill level 14 in Axes
 17015 | Lair:5   | Killed a dire elephant
 17026 | Lair:5   | Killed Bolunijamo's ghost
 17221 | Lair:6   | Entered Level 6 of the Lair of Beasts
 17221 | Lair:6   | Noticed Sonja
 17228 | Lair:6   | Noticed Sonja
 17228 | Lair:6   | Sonja changed into Sonja the golden eye
 17257 | Lair:6   | Killed Sonja the golden eye
 17742 | Lair:6   | Received a gift from Trog
 17776 | Lair:6   | Reached XP level 14. HP: 130/130 MP: 11/14
 17950 | Lair:6   | Found a staircase to the Slime Pits.
 17972 | Lair:6   | Got a slimy kite shield
 17983 | Lair:6   | Identified the +3 kite shield of the Harp {Str+5} (You
                  | found it on level 6 of the Lair of Beasts)
 18788 | Lair:6   | Reached ****** piety under Trog
 19077 | Lair:6   | Received a gift from Trog
 20070 | D:11     | Found a portal to a secret trove of treasure.
 20080 | D:11     | Reached skill level 15 in Axes
 20091 | D:11     | lvl 11 secret trove
 20179 | D:12     | Found a flagged portal.
 20188 | Bailey   | Entered a bailey
 20408 | Bailey   | Got a dazzling dagger
 20409 | Bailey   | Identified the cursed +1 dagger of Wounding {venom, +Fly
                  | MR+} (You found it in a bailey)
 21160 | D:12     | Noticed Erolcha
 21167 | D:12     | Killed Erolcha
 21739 | D:13     | Noticed Frances
 21750 | D:13     | Killed Frances
 21791 | D:13     | Found a frozen archway.
 21804 | IceCv    | Entered an ice cave
 21813 | IceCv    | Found a transporter.
 21821 | IceCv    | Reached XP level 15. HP: 122/139 MP: 15/15
 21880 | IceCv    | Found a transporter.
 21976 | IceCv    | Got a crude scale mail
 21987 | IceCv    | Identified the +6 scale mail of Zuchyapi {rElec Dex+6
                  | Stlth-} (You found it in an ice cave)
 22030 | D:13     | Found a shadowy altar of Dithmenos.
 22067 | D:13     | Noticed Urug
 22074 | D:13     | Killed Urug
 22075 | D:13     | Found a runed translucent gate.
 22076 | D:13     | Found a runed translucent gate.
 22090 | D:13     | Noticed a frost giant
 22094 | D:13     | Noticed Dirphi Vium's ghost (journeyman MiBe)
 22095 | D:13     | Found a runed translucent gate.
 22095 | D:13     | Noticed a tengu reaver
 22440 | D:13     | Found a gate to the Vaults.
 22477 | D:13     | Got a jewelled tower shield
 22488 | D:13     | Identified the +0 tower shield of Autumn {rElec Dex+5
                  | Stlth+} (You found it on level 13 of the Dungeon)
 22544 | D:13     | Received a gift from Trog
 22906 | D:14     | Identified Roxanne's Catalogue of Transmigration
 22906 | D:14     | Noticed Roxanne
 22910 | D:14     | Noticed Jorgrun
 22926 | D:14     | Killed Jorgrun
 22975 | D:14     | Killed Roxanne
 23119 | D:14     | Reached skill level 16 in Axes
 23501 | D:15     | Entered Level 15 of the Dungeon
 23633 | D:15     | Got a smoking steel amulet
 23644 | D:15     | Identified the amulet of Existentialism {RegenMP Int+3}
                  | (You found it on level 15 of the Dungeon)
 23709 | D:15     | Noticed a fire giant
 24044 | D:15     | Killed a fire giant
 24220 | D:15     | Found a staircase to the Depths.
 25314 | Orc:1    | Entered Level 1 of the Orcish Mines
 25425 | Orc:1    | Noticed an orc warlord
 25433 | Orc:1    | Killed an orc warlord
 25445 | Orc:1    | Received a gift from Trog
 25712 | Orc:2    | Entered Level 2 of the Orcish Mines
 25715 | Orc:2    | Reached XP level 16. HP: 141/150 MP: 14/16
 25968 | Orc:2    | Found a runed translucent gate.
 25969 | Orc:2    | Found a runed translucent gate.
 25969 | Orc:2    | Found a runed translucent gate.
 25973 | Orc:2    | Noticed synesthesia's ghost (journeyman MiFi)
 26009 | Orc:2    | Killed synesthesia's ghost
 26161 | Orc:2    | Received a gift from Trog
 26385 | Orc:2    | Found a roughly hewn altar of Beogh.
 26396 | Orc:2    | Found Limik's Assorted Antiques.
 26417 | Orc:2    | Bought a scroll of identify for 80 gold pieces
 26417 | Orc:2    | Bought a potion of cancellation for 320 gold pieces
 26474 | Orc:2    | Noticed Saint Roka
 26521 | Orc:2    | Killed Saint Roka
 26648 | Orc:2    | Found a roughly hewn altar of Beogh.
 26648 | Orc:2    | Found Wesoju Weum's Antique Armour Boutique.
 26721 | Orc:2    | Found Soyvef's Antique Weapon Shop.
 26734 | Orc:2    | Bought a jewelled chain mail for 294 gold pieces
 26734 | Orc:2    | Bought a scorched scale mail for 279 gold pieces
 26750 | Orc:2    | Identified the +11 chain mail of Goceasm {Regen+ MP+9} (You
                  | bought it in a shop on level 2 of the Orcish Mines)
 26762 | Orc:2    | Identified the +0 scale mail of Slovenliness {Harm rN+
                  | Dex+3} (You bought it in a shop on level 2 of the Orcish
                  | Mines)
 26890 | Orc:2    | Found an iron altar of Okawaru.
 26901 | Orc:2    | Found a staircase to the Elven Halls.
 27031 | Orc:2    | Found a roughly hewn altar of Beogh.
 27171 | Orc:2    | Found a roughly hewn altar of Beogh.
 27172 | Orc:2    | Found Rotwelocet's Book Emporium.
 27418 | Snake:1  | Entered Level 1 of the Snake Pit
 27418 | Snake:1  | Found Woaghe's Weapon Shop.
 27436 | Snake:1  | Noticed Agnes
 27466 | Snake:1  | Killed Agnes
 27466 | Snake:1  | Reached skill level 10 in Evocations
 27639 | Snake:1  | Received a gift from Trog
 28163 | Snake:1  | Noticed Aizul
 28188 | Snake:1  | Killed Aizul
 29421 | Snake:2  | Reached skill level 15 in Shields
 29524 | Snake:2  | Received a gift from Trog
 30510 | Snake:3  | Reached XP level 17. HP: 162/162 MP: 17/17
 30606 | Snake:3  | Found a runed translucent door.
 31649 | D:6      | Bought a shiny scale mail for 161 gold pieces
 31649 | D:6      | Bought a scroll of enchant armour for 172 gold pieces
 31995 | Snake:3  | Upgraded the game from 0.26-a0-737-g4e9f4955e2 to
                  | 0.26-a0-739-gf55cbd344a
 32023 | Snake:4  | Entered Level 4 of the Snake Pit
 32074 | Snake:4  | Found Gylareto's Gadget Boutique.
 32074 | Snake:4  | Found Wiplec's Magic Scroll Shop.
 32078 | Snake:4  | Found Wingys's Distillery.
 32115 | Snake:4  | Received a gift from Trog
 32119 | Snake:4  | Got a pitted broad axe {god gift}
 32119 | Snake:4  | Identified the +4 broad axe of Fatigue {flame, *Corrode
                  | Str+6} (Trog gifted it to you on level 4 of the Snake Pit)
 32131 | Snake:4  | Bought a potion of heal wounds for 95 gold pieces
 32131 | Snake:4  | Bought a potion of cancellation for 152 gold pieces
 32131 | Snake:4  | Bought a potion of resistance for 190 gold pieces
 32610 | Snake:4  | Reached skill level 15 in Fighting
 32611 | Snake:4  | Noticed Vashnia
 32667 | Snake:4  | Received a gift from Trog
 32718 | Snake:4  | Killed Vashnia
 33273 | Snake:4  | Reached skill level 5 in Dodging
 33426 | Snake:4  | Noticed Mara
 33431 | Snake:4  | Noticed tzalcoatl's illusion
 33749 | Snake:4  | Noticed tzalcoatl's illusion
 33766 | Snake:4  | Killed Mara
 33767 | Snake:4  | Reached XP level 18. HP: 170/174 MP: 1/18
 33792 | Snake:4  | Received a gift from Trog
 34153 | Snake:4  | Got a serpentine rune of Zot
 34589 | D:13     | Killed Dirphi Vium's ghost
 34934 | Snake:4  | Bought a scroll of summoning for 180 gold pieces
 34934 | Snake:4  | Bought a scroll of enchant weapon for 142 gold pieces
 34939 | Snake:4  | Bought a potion of flight for 57 gold pieces
 35078 | Swamp:1  | Entered Level 1 of the Swamp
 35799 | Swamp:2  | Received a gift from Trog
 36171 | Swamp:2  | Reached skill level 17 in Axes
 36680 | Swamp:3  | Got an ivory mace
 36680 | Swamp:3  | Identified the cursed +3 mace of the Nexus {flame, *Rage
                  | Int+6 Stlth+} (You found it on level 3 of the Swamp)
 36998 | Swamp:4  | Entered Level 4 of the Swamp
 37133 | Swamp:4  | Noticed Bai Suzhen
 37185 | Swamp:4  | Killed Bai Suzhen
 37621 | Swamp:4  | Found a large runed translucent door.
 37622 | Swamp:4  | Found a large runed translucent door.
 37782 | Swamp:4  | Noticed Rennog's ghost (adept MiFi)
 37783 | Swamp:4  | Found the cursed +13 scythe of Curses {drain, *Curse}
 37813 | Swamp:4  | Killed Rennog's ghost
 38192 | Swamp:4  | Reached XP level 19. HP: 171/184 MP: 19/19
 38829 | Swamp:4  | Received a gift from Trog
 38870 | Swamp:4  | Got a decaying rune of Zot
 39246 | Vaults:1 | Entered Level 1 of the Vaults
 39444 | Vaults:1 | Found Wananif's Gadget Shoppe.
 40059 | Vaults:1 | Reached skill level 18 in Axes
 40071 | Vaults:1 | Noticed a Brimstone Fiend
 40183 | Vaults:1 | Received a gift from Trog
 41558 | Vaults:2 | Received a gift from Trog
 41591 | Vaults:2 | Noticed a Tzitzimitl
 41595 | Vaults:2 | Killed from afar by a Tzitzimitl

Illustrated notes

>....(..........#
......#########.#
#####(# #.#
#####(#########.#
(....(..........#
.....(..........#
.(.(...############
####..(########.∩.##
............##..@..##
............#$.8.8.$#
##..#########$.....$#
#..# #$.8.8.$# #..#
##.....## #..#
##...## #..# ##'##
##..############.#
.................#


Turn 20091 on D:11: lvl 11 secret trove

Levels and vault maps discovered:
D:1:      nicolae_arrival_somewhat_less_tricky_arrival, layout_loops_ring,
          serial_forest, infiniplex_forest_clump_diagonal,
          infiniplex_forest_clump_long, infiniplex_forest_clump_cross,
          infiniplex_forest_lined_4_way, infiniplex_forest_end_2,
          infiniplex_forest_clump_small, infiniplex_forest_clump_curved,
          infiniplex_forest_corner_2
D:2:      layout_rooms, lemuel_crystal_altar, corexii_shack
D:3:      layout_basic, kennysheep_nondescript, chequers_serial_rivers_small_3,
          uniq_sigmund, uniq_robin
D:4:      layout_loops_corners, gammafunk_temple_overflow_claw,
          kennysheep_generic_room_2
D:5:      layout_cave_pods, lemuel_round_altar, gammafunk_ghost_mausoleum,
          guppyfry_early_orc_mine
D:6:      layout_basic, minmay_temple_entry_mist, serial_shops, shop,
          minmay_misc_feat_square
D:7:      layout_basic, fedhas_altar_2
D:8:      layout_rooms, bloody_trog, david_lair_shrubbed, serial_shops,
          nicolae_shop_overgrown_old_shop
D:9:      minmay_the_grid_square_5x5_3x3 [minmay_the_grid_square_5x5_fat_x,
          minmay_the_grid_square_5x5_misaligned, minmay_the_grid_square_5x5_n,
          minmay_the_grid_square_5x5_shrine2,
          minmay_the_grid_square_5x5_megaprize_hollow,
          minmay_the_grid_square_5x5_inner_v, minmay_the_grid_square_5x5_eight,
          minmay_the_grid_square_5x5_empty, minmay_the_grid_square_5x5_tie],
          layout_cave_pools, orc_david_3, uniq_psyche
D:10:     layout_roguey [special_room_bee]
D:11:     layout_long_grid, nicolae_trove_entry_path_of_doom
D:12:     layout_irregular_city, enter_bailey_1, nrook_loot_triangle,
          uniq_erolcha
D:13:     layout_rooms, ximxim_vaults_locker_room, portal_ice_cave_rime,
          gammafunk_ghost_split, nicolae_dithmenos_through_a_glass_darkly,
          uniq_urug, uniq_frances
D:14:     layout_grid_maze, serial_park_square1 [serial_park_minivault_5x5_1],
          uniq_jorgrun, uniq_roxanne
D:15:     grunt_enter_depths_giant_problem, layout_loops_ring, minivault_19
Lair:1:   layout_cave_pods, minivault_26, grunt_megastairs_5,
          infiniplex_staircase_pool
Lair:2:   layout_gridlike, minmay_swamp_entry_reptiles, special_room,
          infiniplex_staircase_pool_2, uniq_prince_ribbit2, uniq_gastronok
Lair:3:   layout_gridlike
Lair:4:   layout_cave_pods, minmay_snake_entry_guardpost_medium, worms_lemuel
Lair:5:   layout_cave_pods, gammafunk_ghost_arena,
          chequers_serial_rivers_micro_d
Lair:6:   hangedman_lair_caniforms_friends, layout_gridlike,
          guppyfry_lair_end_dragon, minmay_slime_entry_pillars, uniq_sonja
Swamp:1:  layout_basic_swamp, serial_swamp_ruin, evilmike_swamp_ruin_house_4,
          evilmike_swamp_ruin_wall
Swamp:2:  layout_basic_swamp, evilmike_swamp_ruin_house_2
Swamp:3:  layout_falls_marsh, hangedman_swamp_ruin_wall, swamp_pool3
Swamp:4:  swamp_vile, layout_basic_swamp, ebering_ghost_disaster_area,
          swamp_pool4, nicolae_swamp_very_dense_foliage, uniq_bai_suzhen
Snake:1:  layout_layer_cave, serial_shops, shop, serial_bayou_shore_b,
          uniq_agnes, uniq_aizul
Snake:2:  onia_ninara_swampy_vault, layout_cave_town
Snake:3:  layout_grid_shapes, lightli_airlock
Snake:4:  snake_pit_salamanders_mu, layout_gridlike, minmay_shop_star,
          uniq_vashnia, uniq_mara
Orc:1:    layout_caves, minmay_orc_keep
Orc:2:    grunt_orc_community_town_hall, layout_caves,
          grunt_orc_community_big_house_2, grunt_orc_community_big_house_1,
          grunt_orc_community_house_3, grunt_orc_community_house_3,
          grunt_orc_community_house_1, grunt_orc_community_house_1,
          ebering_ghost_rock_garden, nicolae_orc_rockfall,
          okawaru_metal_pillars_1_2
Vaults:1: ontoclasm_vaults_ligature, hangedman_vaults_trim,
          nicolae_vaults_little_squares_6, nicolae_vaults_little_squares_5,
          vaults_standard_mumra_enter_the_diamond,
          hangedman_vaults_stretched_pinwheel, layout_vaults_omnigrid,
          serial_shops, nicolae_shop_waterfront
Vaults:2: vaults_dpeg_diagonal, vaults_mumra_chevron, st_octagons_1,
          nicolae_vaults_little_squares_5, v_rooms_6, vaults_room_hallway,
          ontoclasm_vaults_twist, v_pattern_2, vaults_room_door_ring,
          layout_vaults_big_room, uniq_margery

Skill      XL: |  1  2  3  4  5  6  7  8  9 10 11 12 13 14 15 16 17 18 19 |
---------------+----------------------------------------------------------+-----
Dodging        | 2 3 4 5 6 8 |  8.0
Armour         | 2 3 4 5 6 7 8 |  8.6
Axes           | 4 5 6 7 9 10 11 13 14 15 16 17 18 | 18.5
Fighting       | 4 5 6 8 9 10 11 12 14 15 16 | 16.0
Shields        | 2 3 5 7 9 10 11 12 13 15 | 15.0
Evocations     | 3 5 6 8 9 11 12 13 | 13.8

Action                   |  1- 3 |  4- 6 |  7- 9 | 10-12 | 13-15 | 16-18 | 19-21 || total
-------------------------+-------+-------+-------+-------+-------+-------+-------++-------
Melee: Hand axe          |   110 |    91 |       |   471 |  1207 |  1392 |   474 ||  3745
       Tailslap          |    12 |    19 |    50 |    76 |   256 |   365 |   122 ||   900
       War axe           |       |    57 |   273 |    63 |       |   165 |       ||   558
       Trident           |       |       |    59 |    12 |    28 |    37 |       ||   136
       Dagger            |       |       |       |    11 |       |       |       ||    11
       Broad axe         |       |       |       |       |     5 |    59 |     4 ||    68
 Fire: Hunting sling     |       |       |       |     3 |    72 |    14 |       ||    89
Throw: Dart              |       |     6 |       |     6 |       |       |       ||    12
       Boomerang         |       |       |       |    12 |       |       |       ||    12
Invok: Berserk           |     2 |     1 |     6 |     6 |     9 |     5 |     1 ||    30
       Brothers in Arms  |       |       |       |       |       |     8 |     1 ||     9
       Trog's Hand       |       |       |       |       |       |     4 |     1 ||     5
 Abil: Rolling Charge    |    14 |     5 |     7 |    33 |   106 |   111 |    31 ||   307
Evoke: Wand              |       |       |       |     8 |    45 |    55 |    10 ||   118
       Box of beasts     |       |       |       |       |    10 |     7 |     1 ||    18
       Lightning rod     |       |       |       |       |     2 |     4 |       ||     6
       Phantom mirror    |       |       |       |       |       |     1 |       ||     1
  Use: Scroll            |       |     4 |     5 |    18 |    22 |    17 |     1 ||    67
       Potion            |       |       |       |     1 |     1 |       |       ||     2
 Stab: Paralysed         |       |       |       |       |    12 |       |       ||    12
       Distracted        |       |       |       |       |       |     4 |     2 ||     6
       Sleeping          |       |       |       |       |       |       |     1 ||     1
Armor: Animal skin       |     4 |       |       |       |       |       |       ||     4
       Ring mail         |    27 |       |       |       |       |       |       ||    27
       Scale mail        |    14 |    64 |    31 |       |       |       |       ||   109
       Chain mail        |       |       |    59 |   143 |   215 |   541 |   125 ||  1083
Dodge: Dodged            |    44 |    64 |    59 |    74 |   189 |   287 |   101 ||   818
Block: Tower shield      |       |    10 |   351 |   534 |   848 |  1211 |   333 ||  3287

Table legend: (Time is in decaauts)
 A = Elapsed time spent in this place.
 B = Non-inter-level travel time spent in this place.
 C = Inter-level travel time spent in this place.
 D = Time resting spent in this place.
 E = Time spent auto-exploring this place.
 F = Levels seen in this place.
 G = Mean time per level.
                   A        B        C        D        E       F      G
               +--------+--------+--------+--------+--------+-----+--------+
         Total |  40970 |  37540 |   3430 |   7381 |  21273 |  35 | 1170.6 |
       Dungeon |  17254 |  15598 |   1656 |   2959 |   9192 |  15 | 1150.3 |
          Lair |   8713 |   7741 |    972 |   1686 |   4528 |   6 | 1452.2 |
         Swamp |   3783 |   3649 |    134 |   1011 |   1724 |   4 |  945.8 |
     Snake Pit |   6424 |   5924 |    500 |   1034 |   3301 |   4 | 1606.0 |
  Orcish Mines |   1952 |   1848 |    104 |     29 |   1232 |   2 |  976.0 |
        Vaults |   2207 |   2145 |     62 |    401 |   1244 |   2 | 1103.5 |
        Bailey |    417 |    417 |      0 |    174 |     18 |   1 |  417.0 |
      Ice Cave |    216 |    216 |      0 |     86 |     32 |   1 |  216.0 |
               +--------+--------+--------+--------+--------+-----+--------+

Top non-repeatable levels by time:
 Snake:4: 2191 daAuts
 Swamp:4: 2054 daAuts
  Lair:6: 1941 daAuts
  Lair:1: 1641 daAuts
 Snake:1: 1639 daAuts
Vaults:1: 1590 daAuts
  Lair:5: 1556 daAuts
   Orc:2: 1547 daAuts
 Snake:2: 1473 daAuts
    D:15: 1404 daAuts
    D:11: 1392 daAuts
     D:1: 1359 daAuts
     D:8: 1351 daAuts
  Lair:2: 1335 daAuts
     D:5: 1257 daAuts
